TOP OF THE 1ST |
West Palm Reds batting - Pitching for Key West Barracudas : RHP Cade Baird
|
Pitching: RHP Cade Baird
|
|
Batting: SHB Francis Shaffer
|
0-0: Called Strike 0-1: Ball 1-1: Swinging Strike 1-2: Strikes out looking
|
Batting: RHB Juan Vareas
|
0-0: Ball 1-0: Called Strike 1-1: Ball 2-1: Fly out, F8 (Flyball, 89M)
|
Batting: LHB Enrique Cortéz
|
0-0: Called Strike 0-1: Called Strike 0-2: Ball 1-2: Foul Ball, location: 2F 1-2: Ball 2-2: Ground out 4-3 (Groundball, 4)
|
Top of the 1st over - 0 run(s), 0 hit(s), 0 error(s), 0 left on base; West Palm 0 - Key West 0 |
BOTTOM OF THE 1ST |
Key West Barracudas batting - Pitching for West Palm Reds : RHP Manabu Mizuno
|
Pitching: RHP Manabu Mizuno
|
|
Batting: RHB Luis Pineda
|
0-0: Called Strike 0-1: Fly out, F7 (Flyball, 7D)
|
Batting: SHB Patrick Larson
|
0-0: Called Strike 0-1: Ball 1-1: Fly out, F7 (Flyball, 7D)
|
Batting: RHB Zander Tremblett
|
0-0: Foul Ball, location: 2F 0-1: Ground out U3 (Groundball, 3S)
|
Bottom of the 1st over - 0 run(s), 0 hit(s), 0 error(s), 0 left on base; West Palm 0 - Key West 0 |
TOP OF THE 2ND |
West Palm Reds batting - Pitching for Key West Barracudas : RHP Cade Baird
|
Batting: LHB Jeff McKinney
|
0-0: Ball 1-0: Foul Ball, location: 2F 1-1: Called Strike 1-2: Foul Ball, location: 2F 1-2: Ball 2-2: Foul Ball, location: 2F 2-2: Foul Ball, location: 2F 2-2: Ball 3-2: Foul Ball, location: 2F 3-2: Strikes out swinging
|
Batting: SHB Todd Smith
|
0-0: Called Strike 0-1: Ball 1-1: Foul Ball, location: 2F 1-2: Strikes out swinging
|
Batting: RHB Jack Ray
|
0-0: Ball 1-0: Ground out 6-3 (Groundball, 6M)
|
Top of the 2nd over - 0 run(s), 0 hit(s), 0 error(s), 0 left on base; West Palm 0 - Key West 0 |
BOTTOM OF THE 2ND |
Key West Barracudas batting - Pitching for West Palm Reds : RHP Manabu Mizuno
|
Batting: RHB Carlos Miranda
|
0-0: Called Strike 0-1: Called Strike 0-2: Foul Ball, location: 2F 0-2: Ball 1-2: Fly out, F9 (Flyball, 89S)
|
Batting: RHB Luther Stoffels
|
0-0: Ball 1-0: SINGLE (Groundball, 6MD)
|
Batting: LHB Jake Wells
|
0-0: Called Strike Luther Stoffels steals 2nd base 0-1: Fly out, F8 (Flyball, 8LM)
|
Batting: RHB Kenny Cole
|
0-0: Swinging Strike 0-1: Foul Ball, location: 2F 0-2: Ball 1-2: Ball 2-2: Ball 3-2: Strikes out looking
|
Bottom of the 2nd over - 0 run(s), 1 hit(s), 0 error(s), 1 left on base; West Palm 0 - Key West 0 |
TOP OF THE 3RD |
West Palm Reds batting - Pitching for Key West Barracudas : RHP Cade Baird
|
Batting: LHB Jeff Doss
|
0-0: Called Strike 0-1: Ball 1-1: DOUBLE (Line Drive, 9D)
|
Batting: LHB Bill Smith
|
0-0: Ball 1-0: Called Strike 1-1: Called Strike 1-2: Ball 2-2: Strikes out swinging
|
Batting: SHB Alex Hayes
|
0-0: Called Strike 0-1: Foul Ball, location: 2F 0-2: Ball 1-2: Ball 2-2: Fly out, F7 (Popup, 8LS)
|
Batting: SHB Francis Shaffer
|
0-0: Called Strike 0-1: SINGLE (Groundball, 4M) Jeff Doss to third Runner from 3rd tries for Home, SAFE, no throw or cutoff
|
Batting: RHB Juan Vareas
|
0-0: Ball 1-0: Swinging Strike 1-1: Fly out, F8 (Flyball, 8RM)
|
Top of the 3rd over - 1 run(s), 2 hit(s), 0 error(s), 1 left on base; West Palm 1 - Key West 0 |
BOTTOM OF THE 3RD |
Key West Barracudas batting - Pitching for West Palm Reds : RHP Manabu Mizuno
|
Batting: RHB Alfredo Pineda
|
0-0: Foul Ball, location: 2F 0-1: Foul Ball, location: 2F 0-2: Foul Ball, location: 2F 0-2: Fly out, F9 (Flyball, 9LMF)
|
Batting: RHB Dan Craft
|
0-0: Ball 1-0: Swinging Strike 1-1: Ball 2-1: Called Strike 2-2: Foul Ball, location: 2F 2-2: Foul Ball, location: 2F 2-2: Strikes out swinging
|
Batting: RHB Luis Pineda
|
0-0: SINGLE (Line Drive, 9LS)
|
Batting: SHB Patrick Larson
|
0-0: Called Strike Luis Pineda steals 2nd base 0-1: Ground out 3-6 (Groundball, 3)
|
Bottom of the 3rd over - 0 run(s), 1 hit(s), 0 error(s), 1 left on base; West Palm 1 - Key West 0 |
TOP OF THE 4TH |
West Palm Reds batting - Pitching for Key West Barracudas : RHP Cade Baird
|
Batting: LHB Enrique Cortéz
|
0-0: Called Strike 0-1: Ball 1-1: SINGLE (Line Drive, 89S)
|
Batting: LHB Jeff McKinney
|
0-0: Called Strike 0-1: Grounds into double play, 4-6-3 (Groundball, 34)
|
Batting: SHB Todd Smith
|
0-0: Called Strike 0-1: Ball 1-1: Ball 2-1: SOLO HOME RUN (Line Drive, 89XD), Distance : 419 ft
|
Batting: RHB Jack Ray
|
0-0: Ball 1-0: Ball 2-0: Called Strike 2-1: Called Strike 2-2: SINGLE (Line Drive, 4D)
|
Batting: LHB Jeff Doss
|
0-0: Ball 1-0: Foul Ball, location: 2F 1-1: Called Strike 1-2: Foul Ball, location: 2F 1-2: Ball 2-2: DOUBLE (Flyball, 9LM) Jack Ray to third
|
Batting: LHB Bill Smith
|
0-0: Swinging Strike 0-1: Ball 1-1: Swinging Strike 1-2: Ball 2-2: Ball 3-2: Strikes out looking
|
Top of the 4th over - 1 run(s), 4 hit(s), 0 error(s), 2 left on base; West Palm 2 - Key West 0 |
BOTTOM OF THE 4TH |
Key West Barracudas batting - Pitching for West Palm Reds : RHP Manabu Mizuno
|
Batting: RHB Zander Tremblett
|
0-0: Called Strike 0-1: Ground out U3 (Groundball, 3S)
|
Batting: RHB Carlos Miranda
|
0-0: Ball 1-0: Foul Ball, location: 2F 1-1: Ball 2-1: Foul Ball, location: 2F 2-2: Ball 3-2: Foul Ball, location: 2F 3-2: Foul Ball, location: 2F 3-2: Foul Ball, location: 2F 3-2: Fly out, F7 (Flyball, 7M)
|
Batting: RHB Luther Stoffels
|
0-0: SOLO HOME RUN (Flyball, 8RXD), Distance : 439 ft
|
Batting: LHB Jake Wells
|
0-0: Foul Ball, location: 2F 0-1: Swinging Strike 0-2: Ground out 3-1 (Groundball, 34S)
|
Bottom of the 4th over - 1 run(s), 1 hit(s), 0 error(s), 0 left on base; West Palm 2 - Key West 1 |
TOP OF THE 5TH |
West Palm Reds batting - Pitching for Key West Barracudas : RHP Cade Baird
|
Batting: SHB Alex Hayes
|
0-0: Foul Ball, location: 2F 0-1: Ground out 5-3 (Groundball, 5L)
|
Batting: SHB Francis Shaffer
|
0-0: Foul Ball, location: 2F 0-1: Ball 1-1: Foul Ball, location: 2F 1-2: Strikes out swinging
|
Batting: RHB Juan Vareas
|
0-0: Ball 1-0: Called Strike 1-1: Ground out 6-3 (Groundball, 6)
|
Top of the 5th over - 0 run(s), 0 hit(s), 0 error(s), 0 left on base; West Palm 2 - Key West 1 |
BOTTOM OF THE 5TH |
Key West Barracudas batting - Pitching for West Palm Reds : RHP Manabu Mizuno
|
Batting: RHB Kenny Cole
|
0-0: Foul Ball, location: 2F 0-1: Ball 1-1: Hit by Pitch
|
Batting: RHB Alfredo Pineda
|
0-0: Foul Ball, location: 2F 0-1: Foul Ball, location: 2F 0-2: Ball 1-2: Grounds into double play, 6-4-3 (Groundball, 6)
|
Batting: RHB Dan Craft
|
0-0: Foul Ball, location: 2F 0-1: Ball 1-1: Foul Ball, location: 2F 1-2: Ball 2-2: Strikes out swinging
|
Bottom of the 5th over - 0 run(s), 0 hit(s), 0 error(s), 0 left on base; West Palm 2 - Key West 1 |
TOP OF THE 6TH |
West Palm Reds batting - Pitching for Key West Barracudas : RHP Cade Baird
|
Batting: LHB Enrique Cortéz
|
0-0: Ground out 4-3 (Groundball, 4M)
|
Batting: LHB Jeff McKinney
|
0-0: Called Strike 0-1: Ball 1-1: Foul Ball, location: 2F 1-2: Ground out 6-3 (Groundball, 6)
|
Batting: SHB Todd Smith
|
0-0: Foul Ball, location: 2F 0-1: Called Strike 0-2: Ball 1-2: Foul Ball, location: 2F 1-2: Ball 2-2: Ball 3-2: SINGLE (Groundball, 4MD)
|
Pitching: RHP José García
|
|
Batting: RHB Jack Ray
|
0-0: Called Strike 0-1: Ball 1-1: Ball 2-1: Foul Ball, location: 2F 2-2: Foul Ball, location: 2F 2-2: Foul Ball, location: 2F 2-2: Ball 3-2: DOUBLE (Line Drive, 7LS) Todd Smith to third Todd Smith scores
|
Batting: LHB Jeff Doss
|
0-0: Ball 1-0: Swinging Strike 1-1: Ball 2-1: Foul Ball, location: 2F 2-2: Strikes out looking
|
Top of the 6th over - 1 run(s), 2 hit(s), 0 error(s), 1 left on base; West Palm 3 - Key West 1 |
BOTTOM OF THE 6TH |
Key West Barracudas batting - Pitching for West Palm Reds : RHP Manabu Mizuno
|
Batting: RHB Luis Pineda
|
0-0: Ball 1-0: Called Strike 1-1: Foul Ball, location: 2F 1-2: Strikes out swinging
|
Batting: SHB Patrick Larson
|
0-0: Called Strike 0-1: SINGLE (Line Drive, 56)
|
Batting: RHB Zander Tremblett
|
0-0: Ball 1-0: Ball Patrick Larson steals 2nd base 2-0: Called Strike 2-1: Ground out 4-3 (Groundball, 4) Patrick Larson to third
|
Batting: RHB Carlos Miranda
|
0-0: Called Strike 0-1: Ball 1-1: Swinging Strike 1-2: Ball 2-2: Fly out, F4 (Line Drive, 4M)
|
Bottom of the 6th over - 0 run(s), 1 hit(s), 0 error(s), 1 left on base; West Palm 3 - Key West 1 |
TOP OF THE 7TH |
West Palm Reds batting - Pitching for Key West Barracudas : RHP José García
|
Batting: LHB Bill Smith
|
0-0: Ball 1-0: Fly out, F7 (Flyball, 7LM)
|
Batting: SHB Alex Hayes
|
0-0: Called Strike 0-1: Swinging Strike 0-2: Ball 1-2: Strikes out swinging
|
Batting: SHB Francis Shaffer
|
0-0: Ball 1-0: Ball 2-0: Ball 3-0: Base on Balls
|
Batting: RHB Juan Vareas
|
0-0: Called Strike 0-1: Ground out U3 (Groundball, 3L)
|
Top of the 7th over - 0 run(s), 0 hit(s), 0 error(s), 1 left on base; West Palm 3 - Key West 1 |
BOTTOM OF THE 7TH |
Key West Barracudas batting - Pitching for West Palm Reds : RHP Manabu Mizuno
|
Batting: RHB Luther Stoffels
|
0-0: Foul Ball, location: 2F 0-1: Ground out 1-3 (Groundball, 13S)
|
Batting: LHB Jake Wells
|
0-0: SINGLE (Line Drive, 9LS)
|
Batting: RHB Kenny Cole
|
0-0: Called Strike 0-1: Called Strike 0-2: Grounds into double play, 4-6-3 (Groundball, 4)
|
Bottom of the 7th over - 0 run(s), 1 hit(s), 0 error(s), 0 left on base; West Palm 3 - Key West 1 |
TOP OF THE 8TH |
West Palm Reds batting - Pitching for Key West Barracudas : RHP José García
|
Batting: LHB Enrique Cortéz
|
0-0: Called Strike 0-1: Ball 1-1: Ball 2-1: SINGLE (Line Drive, 4MD)
|
Pitching: LHP Lynn White
|
|
Batting: LHB Jeff McKinney
|
0-0: Ball 1-0: SINGLE (Line Drive, 7LS) Enrique Cortéz to second
|
Pitching: RHP Tom Clement
|
|
Batting: SHB Todd Smith
|
0-0: Ball 1-0: Foul Ball, location: 2F 1-1: Called Strike 1-2: Ball 2-2: Ball 3-2: Fly out, F7 (Flyball, 7S)
|
Batting: RHB Jack Ray
|
0-0: Called Strike 0-1: Ball 1-1: Ball 2-1: Ball 3-1: Swinging Strike 3-2: Base on Balls Enrique Cortéz to third Jeff McKinney to second
|
Batting: LHB Jeff Doss
|
0-0: Ball 1-0: SINGLE (Groundball, 34D) Enrique Cortéz scores Jeff McKinney to third Jack Ray to second
|
Batting: LHB Bill Smith
|
0-0: Ball 1-0: Called Strike 1-1: Swinging Strike 1-2: Ball 2-2: Ball 3-2: Strikes out looking
|
Batting: SHB Alex Hayes
|
0-0: Foul Ball, location: 2F 0-1: Foul Ball, location: 2F 0-2: Ball 1-2: Ground out 4-3 (Groundball, 4)
|
Top of the 8th over - 1 run(s), 3 hit(s), 0 error(s), 3 left on base; West Palm 4 - Key West 1 |
BOTTOM OF THE 8TH |
Key West Barracudas batting - Pitching for West Palm Reds : RHP Manabu Mizuno
|
Batting: RHB Alfredo Pineda
|
0-0: Foul Ball, location: 2F 0-1: Ball 1-1: Foul Ball, location: 2F 1-2: Fly out, F8 (Flyball, 8LM)
|
Batting: RHB Dan Craft
|
0-0: Foul Ball, location: 2F 0-1: Ball 1-1: Ball 2-1: Called Strike 2-2: Fly out, F9 (Flyball, 9M)
|
Batting: RHB Luis Pineda
|
0-0: Swinging Strike 0-1: Ball 1-1: Ball 2-1: Fly out, F7 (Flyball, 78M)
|
Bottom of the 8th over - 0 run(s), 0 hit(s), 0 error(s), 0 left on base; West Palm 4 - Key West 1 |
TOP OF THE 9TH |
West Palm Reds batting - Pitching for Key West Barracudas : RHP Tom Clement
|
Batting: SHB Francis Shaffer
|
0-0: Ball 1-0: Ball 2-0: Ball 3-0: Called Strike 3-1: Foul Ball, location: 2F 3-2: SINGLE (Groundball, 6M)
|
Batting: RHB Juan Vareas
|
0-0: Sac Bunt - play at first, batter safe! Francis Shaffer to second
|
Batting: LHB Enrique Cortéz
|
0-0: Fly out, F8 (Flyball, 8LXD) Runner from 2nd tags up, SAFE at 3rd, no throw
|
Batting: LHB Jeff McKinney
|
0-0: Called Strike 0-1: Ball 1-1: Fly out, F7 (Flyball, 7LM) Runner from 3rd tags up, SCORES, throw made
|
Batting: SHB Todd Smith
|
0-0: Ground out 1-3 (Groundball, 25)
|
Top of the 9th over - 1 run(s), 2 hit(s), 0 error(s), 1 left on base; West Palm 5 - Key West 1 |
BOTTOM OF THE 9TH |
Key West Barracudas batting - Pitching for West Palm Reds : RHP Manabu Mizuno
|
Pitching: RHP Kei Hashimoto
|
|
Batting: SHB Patrick Larson
|
0-0: Fly out, F6 (Line Drive, 6)
|
Batting: RHB Zander Tremblett
|
0-0: Fly out, F8 (Flyball, 8RD)
|
Batting: RHB Carlos Miranda
|
0-0: Foul Ball, location: 2F 0-1: Called Strike 0-2: Ball 1-2: Ground out 4-3 (Groundball, 4)
|
Bottom of the 9th over - 0 run(s), 0 hit(s), 0 error(s), 0 left on base; West Palm 5 - Key West 1 |
|